 Dungeon Crawl Stone Soup version 0.31-a0-1620-gcbf77bbcfc (webtiles) character file.

Game seed: 8470442838687730685

12717 Flugslaktarn the Fighter (level 11, -2/106 HPs)
             Began as a Minotaur Fighter on Jan 11, 2024.
             Was a High Priest of Cheibriados.
             Slain by an orc warlord
             ... wielding a +3 battleaxe of pain
              (7 damage)
             ... on level 12 of the Dungeon.
             The game lasted 00:05:17 (12205 turns).

Flugslaktarn the Fighter (Minotaur Fighter)        Turns: 12205, Time: 00:05:17

Health: -2/106     AC: 17    Str: 39    XL:     11   Next: 66%
Magic:  14/14      EV: 11    Int: 15    God:    Cheibriados [*****.]
Gold:   563        SH:  7    Dex: 21    Spells: 10/10 levels left

rFire   . . .        B - +1 war axe (drain)
rCold   . . .        c - +0 buckler
rNeg    . . .        g - +0 plate armour
rPois   +            (helmet restricted)
rElec   .            A - +0 cloak
rCorr   .            (no gloves)
SInv    .            k - +0 pair of boots
Will    +....        y - amulet of the acrobat Stlth
                     (no ring)
HPRegen 0.37/turn    o - ring of poison resistance
MPRegen 0.14/turn

%: acrobat
@: mighty, enlightened, flying, very slow
A: horns 2, retaliatory headbutt, strong 1, MP-powered wands
a: Renounce Religion, Bend Time, Temporal Distortion, Slouch, Step From Time


You were on level 12 of the Dungeon.
You worshipped Cheibriados.
Cheibriados was extremely pleased with you.
You visited 1 branch of the dungeon, and saw 12 of its levels.

You collected 563 gold pieces.

Inventory:

Hand Weapons
 a - a +0 war axe
 u - a +3 hand axe of venom
   (You took it off an orc on level 4 of the Dungeon)
 B - a +1 war axe of draining (weapon)
   (You took it off an orc priest on level 9 of the Dungeon)
Armour
 c - a +0 buckler (worn)
 g - a +0 plate armour (worn)
   (You took it off an orc warrior on level 8 of the Dungeon)
 k - a +0 pair of boots (worn)
   (You found it on level 1 of the Dungeon)
 A - a +0 cloak (worn)
   (You found it on level 5 of the Dungeon)
Jewellery
 o - a ring of poison resistance (right hand)
   (You found it on level 4 of the Dungeon)
 y - an amulet of the acrobat (around neck)
   (You found it on level 4 of the Dungeon)
 C - an amulet of reflection
   (You found it on level 11 of the Dungeon)
Wands
 f - a wand of mindburst (16)
   (You found it on level 7 of the Dungeon)
 i - a wand of charming (7)
   (You found it on level 8 of the Dungeon)
 r - a wand of light (8)
   (You found it on level 8 of the Dungeon)
Scrolls
 e - a scroll of brand weapon
 t - 5 scrolls of teleportation
 x - a scroll of fear
 z - a scroll of blinking
 D - a scroll of enchant armour {unknown}
Potions
 b - a potion of resistance {unknown}
 d - a potion of might
 h - a potion of haste
 j - 3 potions of enlightenment
 l - a potion of degeneration {unknown}
 m - 2 potions of ambrosia
 n - 4 potions of attraction
 p - a potion of invisibility
 q - 6 potions of curing
 s - a potion of lignification
 v - 3 potions of mutation
 w - a potion of heal wounds


   Skills:
 * Level 12.9 Fighting
 * Level 12.6 Axes
 + Level 9.4 Armour
 + Level 4.3 Dodging
 - Level 7.9 Shields
 * Level 5.9 Invocations


You had 10 spell levels left.
You didn't know any spells.
Your spell library contained the following spells:

 Spells                   Type           Power      Damage    Failure   Level
 Slow                     Hex            0%         N/A       82%         1
 Cigotuvi's Dreadful Rot  Necr/Alch/Air  0%         N/A       91%         2
 Confusing Touch          Hex            0%         N/A       99%         3
 Fugue of the Fallen      Necr           0%         N/A       99%         3
 Ozocubu's Armour         Ice            0%         N/A       99%         3
 Sigil of Binding         Hex            0%         N/A       99%         3
 Vampiric Draining        Necr           0%         2d6       99%         3
 Manifold Assault         Tloc           0%         N/A       100%        4
 Sticky Flame             Fire/Alch      0%         2d4       100%        4
 Disjunction              Tloc           0%         N/A       100%        8


Dungeon Overview and Level Annotations

Branches:
Dungeon (12/15)            Temple (0/1) D:4            Lair (0/5) D:10
    Orc: D:9-12

Altars:
Cheibriados
Dithmenos
Hepliaklqana
Kikubaaqudgha
Okawaru
Ru
Sif Muna
Vehumet
Xom
The Shining One

Shops:
D:10 =

Annotations:
D:2 1 runed translucent door, Crazy Yiuf
D:8 1 runed translucent door, shadizar's ghost, novice DjFE


Innate Abilities, Weirdness & Mutations

You have a pair of horns on your head.
You reflexively headbutt those who attack you in melee.
Your muscles are strong. (Str +4, Int/Dex -1)
You expend magic power (3 MP) to strengthen your wands.


Message History

Unknown command.
The barbed spikes dig painfully into your body as you move.
The seven-headed hydra attacks as it pursues you!
You block the seven-headed hydra's attack.
The seven-headed hydra misses you.
You block the seven-headed hydra's attack.
The seven-headed hydra completely misses you. x2
The seven-headed hydra bites you but does no damage.
The seven-headed hydra closely misses you.
The seven-headed hydra bites you.
The seven-headed hydra completely misses you.
The seven-headed hydra misses you.
The seven-headed hydra bites you but does no damage. x2
The seven-headed hydra barely misses you.
The seven-headed hydra misses you.
As you read the scroll of teleportation, it crumbles to dust.
You feel strangely unstable.
The howler monkey hoots and howls with incredible vigour!
The seven-headed hydra bites you but does no damage.
The seven-headed hydra misses you.
You block the seven-headed hydra's attack.
The seven-headed hydra bites you but does no damage.
The seven-headed hydra barely misses you.
The seven-headed hydra bites you.
The seven-headed hydra barely misses you.
You hear a shout! x2
Unknown command.
You carefully extract the barbed spikes from your body.
A yak comes into view.
The seven-headed hydra closely misses you.
The seven-headed hydra completely misses you.
The seven-headed hydra closely misses you.
The seven-headed hydra completely misses you.
You block the seven-headed hydra's attack. x2
The seven-headed hydra completely misses you.
The seven-headed hydra bites you but does no damage.
The seven-headed hydra misses you.
The seven-headed hydra completely misses you.
The seven-headed hydra misses you. x2
The seven-headed hydra barely misses you. x2
Your surroundings suddenly seem different.
You are confused.
You feel invigorated.
Unknown command.
You feel less invigorated.
You feel less confused. The yak gores you but does no damage.
The yak barely misses you.
The orc warlord shouts!
You hear a howl!
The yak misses you.
It was a potion of enlightenment.
You feel very buoyant.
You fly up into the air.
The yak closely misses you.
Unknown command.
It was a potion of heal wounds.
You feel much better.
w - a potion of heal wounds;
l - a lumpy white potion You block the yak's attack.
Unknown command.
You slash the yak! Your headbutt misses the yak.
The yak is lightly wounded.
You block the yak's attack.
You slice the yak!! You drain the yak!
You kill the yak!
Cheibriados appreciates the change of pace.
You hit the orc warlord.
The orc warlord is lightly wounded.
The orc warlord hits you with a +3 battleaxe of pain!
You writhe in agony.
You feel very mighty all of a sudden.
The orc warlord hits you with a +3 battleaxe of pain!
You writhe in agony.
You closely miss the orc warlord. You headbutt the orc warlord!!
The orc warlord is lightly wounded.
The orc warlord hits you with a +3 battleaxe of pain.
You hit the orc warlord. You drain the orc warlord.
The orc warlord is lightly wounded.
The orc warlord hits you with a +3 battleaxe of pain!
You writhe in agony.
The howler monkey hoots and howls with incredible vigour!
You hear a shout! x2
You slash the orc warlord!
The orc warlord is moderately wounded.
You block the orc warlord's attack.
You closely miss the orc warlord.
The orc warlord is moderately wounded.
The howler monkey hoots and howls with incredible vigour!
The orc warlord hits you with a +3 battleaxe of pain!!
* * * LOW HITPOINT WARNING * * *
You writhe in agony.
* * * LOW HITPOINT WARNING * * *
You hear a shout! x3
You are too injured to fight recklessly!
You slice the orc warlord!!
You headbutt the orc warlord, but do no damage.
The orc warlord is heavily wounded.
A centaur comes into view.
The orc warlord hits you with a +3 battleaxe of pain!!
* * * LOW HITPOINT WARNING * * *
You writhe in agony!
You die...

...~~~~~~~~##
#...~~~~~### #
.....~~~## .###
#....[~.##########...#
#.#.#................
#.#.#................
..#.#.#######...#####
###.#.# ♣♣D♣♣♣
#.#.#♣......o♣@♣
#.#.#..≈~SP♣.♣o♣
#.#♣.♣.P♣♣.Dh. #. ...♣
♣.♣♣.. #### #c# ###
#.# .#$


You could see an orc warlord (drained), a seven-headed hydra, a centaur and a
howler monkey.

Vanquished Creatures
  2 two-headed ogres
  A boulder beetle (D:10)
  A manticore (D:12)
  A cyclops (D:11)
  Maggie (D:7)
  3 kobold demonologists (D:11)
  A hornet (D:10)
  Prince Ribbit (D:9)
  A troll (D:12)
  A water elemental (D:12)
  A shadow (D:11)
  2 wraiths
  11 yaks
  4 wyverns
  A steam dragon (D:9)
  A basilisk (D:10)
  3 acid dragons
  4 water moccasins
  7 orc warriors
  3 ice beasts
  3 sky beasts
  4 black bears
  An ogre (D:6)
  3 wolves (D:10)
  2 centaurs
  A phantom (D:5)
  A kobold brigand (D:9)
  2 bullfrogs
  4 scorpions
  7 wights
  10 killer bees (D:9)
  3 electric eels
  2 howler monkeys (D:8)
  A lava snake (D:7)
  A jelly (D:6)
  A bombardier beetle (D:6)
  3 hounds
  9 orc priests
  2 sleepcaps
  5 iguanas
  18 orc wizards
  7 adders
  3 gnolls (D:5)
  5 white imps
  2 ufetubi (D:6)
  4 dart slugs
  29 orcs
  8 endoplasms
  3 giant cockroaches
  3 goblins
  6 hobgoblins
  5 quokkas
  5 ball pythons
  4 bats (D:1)
  13 kobolds
  4 rats
234 creatures vanquished.

Notes
Turn   | Place    | Note
-------+----------+-------------------------------------------
     0 | D:1      | Flugslaktarn the Minotaur Fighter began the quest for the
                  | Orb.
     0 | D:1      | Reached XP level 1. HP: 19/19 MP: 0/0
   218 | D:1      | Reached XP level 2. HP: 27/27 MP: 1/1
   987 | D:2      | Found a faded altar of an unknown god.
  1065 | D:2      | Reached XP level 3. HP: 33/33 MP: 2/2
  1599 | D:2      | Found a runed translucent door.
  1600 | D:2      | Noticed Crazy Yiuf
  1923 | D:3      | Reached XP level 4. HP: 37/41 MP: 3/3
  2706 | D:4      | Reached skill level 5 in Fighting
  2706 | D:4      | Reached XP level 5. HP: 46/48 MP: 4/4
  2825 | D:4      | Found a sacrificial altar of Ru.
  3143 | D:4      | Reached skill level 5 in Axes
  3143 | D:4      | Reached XP level 6. HP: 57/57 MP: 5/5
  3171 | D:4      | Found a staircase to the Ecumenical Temple.
  3893 | D:5      | Entered Level 5 of the Dungeon
  3922 | D:5      | Noticed an ice beast
  3929 | D:5      | Killed an ice beast
  4024 | D:5      | Reached skill level 5 in Shields
  4061 | D:5      | Noticed a water moccasin
  4065 | D:5      | Gained mutation: You occasionally lose the ability to drink
                  | potions when taking damage. [potion of mutation]
  4065 | D:5      | Gained mutation: You occasionally shout uncontrollably at
                  | your foes. [potion of mutation]
  4065 | D:5      | Gained mutation: You possess an exceptional clarity of
                  | mind. [potion of mutation]
  4065 | D:5      | Gained mutation: You expend magic power (3 MP) to
                  | strengthen your wands. [potion of mutation]
  4069 | D:5      | Killed a water moccasin
  4070 | D:5      | Reached skill level 5 in Armour
  4070 | D:5      | Reached XP level 7. HP: 51/64 MP: 6/6
  4074 | D:5      | Lost mutation: You possess an exceptional clarity of mind.
                  | [potion of mutation]
  4074 | D:5      | Lost mutation: You occasionally shout uncontrollably at
                  | your foes. [potion of mutation]
  4074 | D:5      | Lost mutation: You occasionally lose the ability to drink
                  | potions when taking damage. [potion of mutation]
  4074 | D:5      | Gained mutation: Your muscles are strong. (Str +4, Int/Dex
                  | -1) [potion of mutation]
  4484 | D:5      | Found a shadowy altar of Dithmenos.
  4963 | D:6      | Reached XP level 8. HP: 69/73 MP: 7/7
  5782 | D:6      | Found a glowing golden altar of the Shining One.
  5838 | D:7      | Noticed Maggie
  5848 | D:7      | Killed Maggie
  6023 | D:7      | Found a snail-covered altar of Cheibriados.
  6034 | D:7      | Reached XP level 9. HP: 83/83 MP: 8/8
  6035 | D:7      | Became a worshipper of Cheibriados the Contemplative
  6488 | D:7      | Found a shimmering blue altar of Sif Muna.
  6708 | D:7      | Reached * piety under Cheibriados
  7294 | D:8      | Reached skill level 10 in Fighting
  7724 | D:8      | Reached skill level 10 in Axes
  8102 | D:8      | Reached ** piety under Cheibriados
  8247 | D:8      | Found a runed translucent door.
  8247 | D:8      | Found a shimmering altar of Xom.
  8247 | D:8      | Noticed shadizar's ghost (novice DjFE)
  8247 | D:8      | Noticed a +3 mace of chaos
  8811 | D:9      | Reached XP level 10. HP: 89/94 MP: 9/9
  8964 | D:9      | Noticed Prince Ribbit
  8972 | D:9      | Killed Prince Ribbit
  8973 | D:9      | Reached skill level 1 in Invocations
  9081 | D:9      | Reached skill level 1 in Dodging
  9084 | D:9      | Reached *** piety under Cheibriados
  9401 | D:9      | Found a hazy altar of Hepliaklqana.
  9494 | D:10     | Entered Level 10 of the Dungeon
  9712 | D:10     | Found a staircase to the Lair.
  9723 | D:10     | Reached **** piety under Cheibriados
  9783 | D:10     | Identified the +9 sling of Ascent {heavy, rF+ rCorr Str+3}
  9814 | D:10     | Noticed a two-headed ogre
  9815 | D:10     | Found an iron altar of Okawaru.
  9819 | D:10     | Killed a two-headed ogre
  9930 | D:10     | Found a radiant altar of Vehumet.
  9930 | D:10     | Found an ancient bone altar of Kikubaaqudgha.
  9934 | D:10     | Noticed a boulder beetle
  9957 | D:10     | Killed a boulder beetle
 10105 | D:10     | Found Anecs's Jewellery Emporium.
 10316 | D:10     | Reached XP level 11. HP: 95/104 MP: 13/13
 10964 | D:11     | Identified the +1 ring mail of Whack-A-Mole {-Cast rC++
                  | rCorr Stlth+}
 11222 | D:11     | Got the Grimoire of Warped Tinctures
 11300 | D:11     | Reached skill level 5 in Invocations
 11329 | D:11     | Noticed a two-headed ogre
 11335 | D:11     | Killed a two-headed ogre
 12182 | D:12     | Reached ***** piety under Cheibriados
 12183 | D:12     | Noticed a seven-headed hydra
 12184 | D:12     | Noticed an orc warlord
 12205 | D:12     | HP: 5/106 [orc warlord/+3 battleaxe of pain (26)]
 12205 | D:12     | Slain by an orc warlord

Illustrated notes

Levels and vault maps discovered:
D:1:      roderic_crop_circles_arrival_small, layout_loops_ring
D:2:      layout_loops_ring, ebering_ecumenical_altar_ruins,
          minmay_misc_feat_alley, uniq_crazy_yiuf_cottage
D:3:      layout_basic
D:4:      layout_basic, nicolae_ru_sacrificial_ziggurat,
          minmay_temple_entry_wispy
D:5:      layout_rooms, nicolae_dithmenos_through_a_glass_darkly
D:6:      layout_gridville, tso_oasis_becter, kennysheep_generic_room_13
D:7:      layout_basic, kennysheep_little_box, mainiacjoe_overflow_paths,
          kennysheep_generic_room_4, uniq_maggie
D:8:      layout_basic, ebering_ghost_xom, nicolae_water_bricks
D:9:      layout_gridville, lemuel_coloured_pillars_altar, uniq_prince_ribbit1
D:10:     layout_gridville, chequers_temple_overflow_statue_of_worship,
          minmay_lair_entry_grove, serial_shops, shop
D:11:     layout_stronghold
D:12:     nzn_winding_woodlands_small
          [nzn_winding_woodlands_5x15_pathside_ponds,
          nzn_winding_woodlands_center_diamonds,
          nzn_winding_woodlands_5x15_split_checker], layout_basic, orc_0_dummy,
          minivault_27, kennysheep_generic_room_14

Skill      XL: |  1  2  3  4  5  6  7  8  9 10 11 |
---------------+----------------------------------+-----
Fighting       | 4 5 6 7 9 10 12 | 12.9
Axes           | 3 4 5 6 8 10 11 12 | 12.6
Armour         | 4 5 6 7 8 9 |  9.4
Shields        | 4 5 6 7 |  7.9
Invocations    | 4 5 |  5.9
Dodging        | 3 4 |  4.3

Action                     |  1- 3 |  4- 6 |  7- 9 | 10-12 || total
---------------------------+-------+-------+-------+-------++-------
  Melee: War axe           |   101 |    17 |       |   155 ||   273
         Headbutt          |    11 |    13 |    69 |    56 ||   149
         Hand axe          |       |    43 |   269 |    56 ||   368
    Use: Scroll            |       |    11 |     5 |     1 ||    17
         Potion            |       |     1 |     2 |     4 ||     7
 Armour: Chain mail        |    57 |    37 |   159 |       ||   253
         Scale mail        |    13 |       |       |       ||    13
         Plate armour      |       |       |    26 |   156 ||   182
  Dodge: Dodged            |    36 |    23 |    85 |   130 ||   274
  Block: Buckler           |    28 |    10 |    51 |    74 ||   163

Table legend: (Time is in decaauts)
 A = Elapsed time spent in this place.
 B = Non-inter-level travel time spent in this place.
 C = Inter-level travel time spent in this place.
 D = Time resting spent in this place.
 E = Time spent auto-exploring this place.
 F = Levels seen in this place.
 G = Mean time per level.
                   A        B        C        D        E       F      G
               +--------+--------+--------+--------+--------+-----+--------+
         Total |  14482 |  14034 |    448 |    906 |  11551 |  12 | 1206.8 |
       Dungeon |  14482 |  14034 |    448 |    906 |  11551 |  12 | 1206.8 |
               +--------+--------+--------+--------+--------+-----+--------+

Top non-repeatable levels by time:
     D:8: 2183 daAuts
    D:11: 2024 daAuts
    D:10: 1856 daAuts
     D:7: 1501 daAuts
     D:4: 1211 daAuts
     D:6: 1056 daAuts
     D:1: 954 daAuts
     D:9: 947 daAuts
     D:2: 904 daAuts
     D:3: 865 daAuts
     D:5: 849 daAuts
    D:12: 128 daAuts
